 Dungeon Crawl Stone Soup version 0.19.1 (webtiles) character file.

198 M4edhros the Sneak (level 5, -1/33 HPs)
             Began as an Octopode Artificer on Dec 12, 2016.
             Succumbed to a worker ant's poison
             ... on level 4 of the Dungeon.
             The game lasted 00:01:12 (910 turns).

M4edhros the Sneak (Octopode Artificer)              Turns: 910, Time: 00:01:13

Health: -1/33      AC:  1    Str: 11    XL:     5   Next: 76%
Magic:  16/16      EV: 14    Int: 14    God:
Gold:   68         SH:  3    Dex: 13    Spells: 0 memorised, 4 levels left

rFire  . . .     SeeInvis .     a - +0 short sword
rCold  . . .     Gourm    .     p - +0 buckler
rNeg   . . .     Faith    .     (helmet restricted)
rPois  .         Spirit   .     (no amulet)
rElec  .         Reflect  .     h - ring of magical power
rCorr  .         Harm     .     (no ring)
MR     .....                    (no ring)
Stlth  ++++......               (no ring)
                                (no ring)
                                (no ring)
                                (no ring)
                                (no ring)

@: lethally poisoned (-1 -> -22), hasted, very quick
A: almost no armour, stealthy swim, amphibious, 8 rings, constrict 8, camouflage
1, gelatinous body 1
a: no special abilities


You were on level 4 of the Dungeon.
You were not hungry.

You visited 1 branch of the dungeon, and saw 4 of its levels.

You collected 68 gold pieces.

Inventory:

Hand Weapons
 a - a +0 short sword (weapon)
 i - a +0 hunting sling
Missiles
 j - 58 stones (quivered)
Armour
 p - a +0 buckler (worn)
Jewellery
 h - a ring of magical power (left tentacle)
Wands
 b - a wand of flame (11/48)
 c - a wand of enslavement (15/24)
 d - a wand of random effects (15/48)
Scrolls
 e - 4 scrolls of enchant armour {unknown}
 k - a scroll of recharging {unknown}
 l - a scroll of teleportation {unknown}
 m - a scroll of fear {unknown}
Potions
 n - a potion of might {unknown}
 o - a potion of degeneration {unknown}
Comestibles
 f - 2 bread rations
 q - a meat ration


   Skills:
 - Level 1.0 Fighting
 - Level 1.0 Short Blades
 + Level 3.6 Dodging
 * Level 6.5 Stealth
 - Level 3.2 Evocations


You had 4 spell levels left.
You didn't know any spells.

Dungeon Overview and Level Annotations

Branches:
Dungeon (4/15)
 Temple: D:4-7

Altars:


Innate Abilities, Weirdness & Mutations

You cannot wear most types of armour.
You are very stealthy in the water. (Stealth+)
You are amphibious.
You can wear up to eight rings at the same time.
You can use your tentacles to constrict eight enemies at once.
Your skin changes colour to match your surroundings (Stealth+).
Your rubbery body absorbs attacks. (AC +1, EV +1)


Message History

You are more poisoned.
The worker ant poisons you! The worker ant bites you!
* * * LOW HITPOINT WARNING * * *
You are too injured to fight recklessly!
You barely miss the worker ant.
The worker ant is severely wounded.
You constrict the worker ant.
* * * LOW HITPOINT WARNING * * *
You feel sick. The worker ant closely misses you.
Evoke which item? (* to show all) (? for menu, Esc to quit)
Zapping:
b - a wand of flame (12/48)
Press: ? - help, Shift-Dir - straight line, f - worker ant
Aim: a worker ant (almost dead, constricted by you)
The puff of flame hits the worker ant.
You kill the worker ant!
This wand has 11 charges left.
* * * LOW HITPOINT WARNING * * *
You feel sick.
It was a potion of haste.
You feel yourself speed up.
You die...

##.#.#######.....
#..).###....#)#.#
##.........$..#.#
##...####........#
#...#####.####...##
...###....†..#....# ##.#
#..>....#....#
#..###............######
#.#............)@†......
....##...............###
.#######...#.....##..#
.# #.....##### .... .#
#...... ##. .# #...###
## ...# .#.


There were no monsters in sight!

Vanquished Creatures
  Menkaure (D:4)
  A worker ant (D:4)
  An adder (D:4)
  A worm (D:3)
  7 orcs
  5 bats
  2 giant cockroaches (D:4)
  5 goblins
  2 hobgoblins
  A kobold (D:2)
  2 quokkas
  2 frilled lizards
  3 rats (D:3)
33 creatures vanquished.

Notes
Turn   | Place    | Note
-------+----------+-------------------------------------------
     0 | D:1      | M4edhros the Octopode Artificer began the quest for the Orb.
     0 | D:1      | Reached XP level 1. HP: 13/13 MP: 3/3
    94 | D:1      | Reached skill level 2 in Stealth
   260 | D:2      | Reached XP level 2. HP: 18/18 MP: 4/4
   352 | D:3      | Reached skill level 3 in Stealth
   431 | D:3      | Reached XP level 3. HP: 6/23 MP: 5/5
   766 | D:4      | Noticed Menkaure
   772 | D:4      | Killed Menkaure
   772 | D:4      | Reached skill level 6 in Stealth
   772 | D:4      | Reached XP level 4. HP: 28/28 MP: 6/6
   772 | D:4      | Reached XP level 5. HP: 33/33 MP: 7/7
   909 | D:4      | HP: 1/33 [poisoned by a worker ant]
   910 | D:4      | Succumbed to a worker ant's poison

Skill      XL: |  1  2  3 |
---------------+----------+-----
Stealth        | 2 3 6 |  6.5
Dodging        | 3 |  3.6
Fighting       | |  1.0
Short Blades   | |  1.0
Evocations     | |  3.2

Action                   |  1- 3 |  4- 6 || total
-------------------------+-------+-------++-------
Melee: Short sword       |    43 |    29 ||    72
       Constrict         |    10 |     6 ||    16
       Tentacles         |     6 |     3 ||     9
Evoke: Wand              |     2 |     2 ||     4
  Use: Potion            |       |     1 ||     1
 Stab: Sleeping          |     6 |     1 ||     7
Armor: Skin              |     5 |       ||     5
Dodge: Dodged            |    35 |    21 ||    56
Block: Buckler           |     1 |     5 ||     6
